 Dungeon Crawl Stone Soup version 0.27-a0-679-g77a6b55cf3 (webtiles) character file.

Game seed: 14298159508350179333

77 LuckyCharm the Chiller (level 4, -2/32 HPs)
             Began as a Mummy Ice Elementalist on Mar 18, 2021.
             Slain by an orc
             ... wielding a +0 trident
              (9 damage)
             ... on level 3 of the Dungeon.
             The game lasted 00:18:28 (3575 turns).

LuckyCharm the Chiller (Mummy Ice Elementalist)     Turns: 3575, Time: 00:18:29

Health: -2/32      AC:  2    Str: 11    XL:     4   Next: 13%
Magic:  5/8        EV: 12    Int: 15    God:
Gold:   117        SH:  0    Dex: 12    Spells: 5/9 levels left

rFire    + + .     SeeInvis .   i - staff of fire
rCold    + . .     Faith    .   (no shield)
rNeg     + + +     Spirit   .   a - +0 robe
rPois    ∞         Reflect  .   (no helmet)
rElec    .         Harm     .   (no cloak)
rCorr    .         Rampage  .   (no gloves)
Will     .....                  (no boots)
Stlth    ++........             (no amulet)
HPRegen  0.10/turn              e - ring of protection from fire
MPRegen  0.11/turn              h - ring of protection from fire

@: no status effects
A: cold resistance 1, negative energy resistance 3, torment resistance 2,
unbreathing 1, heat vulnerability 1, no potions
a: no special abilities


You were on level 3 of the Dungeon.
You visited 1 branch of the dungeon, and saw 3 of its levels.

You collected 117 gold pieces.

Inventory:

Hand Weapons
 b - a +0 club
 c - a +4 hand axe of freezing
 d - a +0 dagger of pain
 g - a +2 short sword of protection
Armour
 a - a +0 robe (worn)
Magical Staves
 i - a staff of fire (weapon)
Jewellery
 e - a ring of protection from fire (right hand)
 h - a ring of protection from fire (left hand)


   Skills:
 * Level 1.0 Fighting
 - Level 0.5 Short Blades
 - Level 0.4 Axes
 + Level 1.6 Dodging
 + Level 1.9 Stealth
 + Level 3.2 Spellcasting
 + Level 4.0 Ice Magic


You had 5 spell levels left.
You knew the following spells:

 Your Spells              Type           Power      Damage    Failure   Level
a - Freeze                Ice            56%        1d7       3%          1
b - Ozocubu's Armour      Ice            14%        N/A       12%         3

Your spell library contained the following spells:

 Spells                   Type           Power      Damage    Failure   Level
 Frozen Ramparts          Ice            28%        1d4       12%         3
 Hailstorm                Conj/Ice       8%         3d4       65%         4
 Summon Ice Beast         Ice/Summ       8%         N/A       65%         4


Dungeon Overview and Level Annotations

Branches:
Dungeon (3/15)

Altars:

Shops:
D:1 [(


Innate Abilities, Weirdness & Mutations

You are immune to poison.
Your flesh is cold resistant. (rC+)
You are immune to negative energy. (rN+++)
You are immune to unholy pain and torment.
You can survive without breathing.
You are vulnerable to heat. (rF-)
You do not drink.


Message History

You hit the orc.
The orc is severely wounded.
The orc misses you.
The orc hits you from afar with a +0 trident!
You hit the orc but do no damage.
The orc is severely wounded.
The orc hits you with a +0 dagger. The orc barely misses you.
The orc hits you but does no damage.
You are too injured to fight recklessly!
You are too injured to fight recklessly!
You are too injured to fight recklessly!
You are too injured to fight recklessly!
Casting: Ozocubu's Armour (quite dangerous; 12% risk of failure)
Confirm with . or Enter, or press ? or * to list all spells.
Aiming: Freeze (safe; 3% risk of failure)
Press: ? - help, Shift-Dir - straight line, f - orc
Aim: an orc, wielding a +0 dagger and wearing a +0 leather armour (severely wounded)
You freeze the orc.
You kill the orc!
The orc hits you from afar with a +0 trident!
* * * LOW HITPOINT WARNING * * *
Your icy armour will break if you move.
Continue?
Okay, then.
Casting: Freeze (safe; 3% risk of failure)
Confirm with . or Enter, or press ? or * to list all spells.
You can't see any susceptible monsters within range! (Use Z to cast anyway.)
As you read the scroll labelled VOTIDA BEULAKOOC, it crumbles to dust.
It is a scroll of amnesia.
Okay, then.
The orc hits you from afar with a +0 trident.
* * * LOW HITPOINT WARNING * * *
Unknown command.
Your icy armour will break if you move.
Continue?
Uppercase [Y]es or [N]o only, please.
Your icy armour will break if you move.
Continue? [Y]es or [N]o only, please.
Your icy armour will break if you move.
Continue?
Your icy armour cracks and falls away as you move.
The orc hits you from afar with a +0 trident!
You die...

#.# #.#.#
#.# #.#.#
#.# #.#.#
#.#.#
#.###.#.#
#.......#
#####.###
#.#
#@#####.#
#..o{....
#########


You could see an orc.

Vanquished Creatures
  2 adders (D:2)
  A worm (D:2)
  3 dart slugs
  A leopard gecko (D:1)
  An orc (D:3)
  2 giant cockroaches
  8 goblins
  6 hobgoblins
  4 jackals
  6 kobolds
  5 bats
  3 frilled lizards
  4 rats
46 creatures vanquished.

Notes
Turn   | Place    | Note
-------+----------+-------------------------------------------
     0 | D:1      | LuckyCharm the Mummy Ice Elementalist began the quest for
                  | the Orb.
     0 | D:1      | Reached XP level 1. HP: 13/13 MP: 4/4
   276 | D:1      | Found Vopp's Weapon Emporium.
   504 | D:1      | Reached XP level 2. HP: 19/19 MP: 2/5
   568 | D:1      | Found Moujell's Armour Shop.
  1471 | D:1      | Reached XP level 3. HP: 25/25 MP: 5/7
  2821 | D:2      | Reached skill level 4 in Ice Magic
  3242 | D:3      | Reached XP level 4. HP: 28/31 MP: 5/8
  3259 | D:2      | Reached skill level 1 in Fighting
  3565 | D:3      | Learned a level 3 spell: Ozocubu's Armour
  3575 | D:3      | Slain by an orc

Illustrated notes

Levels and vault maps discovered:
D:1:      psy_arrival_terrarium, layout_basic, serial_shops, shop, shop
D:2:      minmay_door_path, layout_basic
D:3:      layout_basic, portal_sewer_entry_f, chequers_ecumenical_altar_lobes,
          uniq_natasha, uniq_terence, uniq_sigmund, uniq_grinder, uniq_jessica

Skill      XL: |  1  2  3  4 |
---------------+-------------+-----
Spellcasting   | 3 |  3.2
Ice Magic      | 4 |  4.0
Fighting       | 1 |  1.0
Short Blades   | |  0.5
Axes           | |  0.4
Dodging        | |  1.6
Stealth        | |  1.9

Action                   |  1- 3 |  4- 6 || total
-------------------------+-------+-------++-------
Melee: Club              |     9 |       ||     9
       Unarmed           |     3 |       ||     3
       Hand axe          |    42 |       ||    42
       Short sword       |    32 |     5 ||    37
       Staff             |       |     6 ||     6
 Cast: Freeze            |    25 |    11 ||    36
       Ozocubu's Armour  |       |     1 ||     1
  Use: Scroll            |       |     1 ||     1
 Stab: Sleeping          |     5 |       ||     5
Armor: Robe              |    26 |     8 ||    34
Dodge: Dodged            |    63 |    25 ||    88

Table legend: (Time is in decaauts)
 A = Elapsed time spent in this place.
 B = Non-inter-level travel time spent in this place.
 C = Inter-level travel time spent in this place.
 D = Time resting spent in this place.
 E = Time spent auto-exploring this place.
 F = Levels seen in this place.
 G = Mean time per level.
                   A        B        C        D        E       F      G
               +--------+--------+--------+--------+--------+-----+--------+
         Total |   3592 |   3590 |      2 |   1465 |   1242 |   3 | 1197.3 |
       Dungeon |   3592 |   3590 |      2 |   1465 |   1242 |   3 | 1197.3 |
               +--------+--------+--------+--------+--------+-----+--------+

Top non-repeatable levels by time:
     D:2: 1825 daAuts
     D:1: 1531 daAuts
     D:3: 235 daAuts
